 Dungeon Crawl Stone Soup version 0.26.1-11-gd32895ea62 (webtiles) character file.

Game seed: 12852435969840420310

19520 eagelman13508 the Slicer (level 13, 0/86 HPs)
             Began as a Human Delver on June 27, 2021.
             Was a High Priest of Okawaru.
             Killed by vampiric draining
             ... invoked by a vampire
              (11 damage)
             ... on level 11 of the Dungeon on June 28, 2021.
             The game lasted 02:52:14 (15498 turns).

eagelman13508 the Slicer (Human Delver)            Turns: 15498, Time: 02:52:15

Health: 0/86       AC: 10    Str: 13 (15) XL:     13   Next: 5%
Magic:  14/14      EV: 12    Int: 12 (15) God:    Okawaru [*****.]
Gold:   900        SH:  0    Dex: 19 (20) Spells: 5/13 levels left

rFire    + . .     SeeInvis +   Q - +7 dagger "Hanniq" {venom, Int+5 SInv}
rCold    + + .     Faith    .   (no shield)
rNeg     . . .     Spirit   .   D - +3 leather armour {Will+}
rPois    +         Reflect  .   F - +2 helmet
rElec    +         Harm     .   Y - scarf {shadows}
rCorr    +         Rampage  .   (no gloves)
Will     +....                  A - +0 pair of boots
Stlth    ++........             p - amulet of regeneration
HPRegen  0.64/turn              H - ring of protection from cold
MPRegen  0.14/turn              B - ring of poison resistance

@: confused, resistant, flying, very slightly contaminated, invisible
A: strong 1, subdued magic 1, MP-powered wands
a: Renounce Religion, Heroism, Finesse


You were on level 11 of the Dungeon.
You worshipped Okawaru.
Okawaru was extremely pleased with you.
You visited 3 branches of the dungeon, and saw 14 of its levels.

You collected 900 gold pieces.

Inventory:

Hand Weapons
 v - a +1 short sword of electrocution
 Q - the +7 dagger "Hanniq" (weapon) {venom, Int+5 SInv}
   (Okawaru gifted it to you on level 10 of the Dungeon)

   It poisons the flesh of those it strikes.
   It affects your intelligence (+5).
   It lets you see invisible.
Missiles
 n - 89 poisoned darts (quivered)
 C - 15 boomerangs
 I - 5 curare-tipped darts
 P - a throwing net
Armour
 A - a +0 pair of boots (worn)
 D - a +3 leather armour of willpower (worn)
 F - a +2 helmet (worn)
 Y - a scarf of shadows (worn)
Jewellery
 p - an amulet of regeneration (around neck)
 x - an uncursed ring of positive energy
 B - a ring of poison resistance (right hand)
 H - a ring of protection from cold (left hand)
 L - an uncursed ring of resist corrosion
Wands
 g - a wand of digging (3)
Scrolls
 a - a scroll of brand weapon {unknown}
 c - 4 scrolls of fog
 d - 4 scrolls of magic mapping
 f - 3 scrolls of enchant weapon {unknown}
 h - 5 scrolls of remove curse
 k - 6 scrolls of teleportation
 l - a scroll of silence {unknown}
 q - 2 scrolls of amnesia {unknown}
 u - 2 scrolls of random uselessness {unknown}
 w - 5 scrolls of identify
 y - 2 scrolls of enchant armour
 J - a scroll of summoning {unknown}
 K - 2 scrolls of immolation {unknown}
 M - 2 scrolls of noise {unknown}
 S - a scroll of torment {unknown}
 W - a scroll of vulnerability {unknown}
 X - a scroll of blinking {unknown}
Potions
 i - 8 potions of curing
 j - 4 potions of invisibility
 s - 2 potions of attraction {unknown}
 z - a potion of haste
 V - 2 potions of brilliance {unknown}
Miscellaneous
 E - a lightning rod (4/4)


   Skills:
 - Level 3.0 Fighting
 * Level 14.8 Short Blades
 - Level 2.0(10.1) Long Blades
 + Level 3.2 Throwing
 - Level 4.0 Armour
 - Level 2.0 Dodging
 + Level 13.4 Stealth
 * Level 0.9 Spellcasting
 * Level 1.0 Air Magic
 - Level 0.2 Earth Magic
 - Level 0.3 Poison Magic
 + Level 1.2 Invocations
 - Level 3.0 Evocations


You had 5 spell levels left.
You knew the following spells:

 Your Spells              Type           Power        Failure   Level
a - Swiftness             Air            1%           32%         2
b - Dazzling Flash        Conj/Hex       0%           69%         3
c - Confusing Touch       Hex            0%           69%         3

Your spell library contained the following spells:

 Spells                   Type           Power        Failure   Level
 Shock                    Conj/Air       0%           26%         1
 Magic Dart               Conj           0%           32%         1
 Searing Ray              Conj           0%           45%         2
 Static Discharge         Conj/Air       0%           61%         3
 Gell's Gravitas          Tloc           0%           69%         3
 Airstrike                Air            0%           92%         4
 Petrify                  Tmut/Erth      0%           97%         4
 Fulminant Prism          Conj/Hex       0%           98%         4
 Iskenderun's Mystic Bla  Conj/Tloc      0%           98%         4
 Lightning Bolt           Conj/Air       0%           100%        5
 Metabolic Englaciation   Hex/Ice        0%           100%        5
 Yara's Violent Unravell  Hex/Tmut       0%           100%        5


Dungeon Overview and Level Annotations

Branches:
Dungeon (11/15)            Temple (1/1) D:5            Lair (2/6) D:10
  Swamp: Lair:2-4    Shoals: Lair:2-4     Snake: Lair:2-4    Spider: Lair:2-4
    Orc: D:9-12

Altars:
Ashenzari
Cheibriados
Dithmenos
Elyvilon
Fedhas
Gozag
Hepliaklqana
Kikubaaqudgha
Makhleb
Nemelex Xobeh
Okawaru
Qazlal
Ru
Sif Muna
Trog
Uskayaw
Vehumet
Wu Jian
Xom
Yredelemnul
Zin
The Shining One


Innate Abilities, Weirdness & Mutations

Your muscles are strong. (Str +2)
Your spells are a little easier to cast, but a little less powerful.
You expend magic power (3 MP) to strengthen your wands.


Message History

You resist with almost no effort.
You closely miss the vampire.
The vampire is almost destroyed.
You hit the vampire.
The vampire is almost destroyed.
The vampire completely misses you. The vampire barely misses you.
Your leather armour prevents you from hitting the vampire.
The vampire is almost destroyed.
You closely miss the vampire.
The vampire is almost destroyed.
The vampire gestures at you while chanting.
You are confused.
The vampire gestures at you while chanting.
You resist with almost no effort.
The vampire is infused with unholy energy.
* * * LOW HITPOINT WARNING * * *
The vampire draws life force from you and is healed!
You're too confused to move!
The vampire is infused with unholy energy.
You die...

...........
#...........
#...........
#..........V
#<.........(.
#<............
#<.@V.........
#.............
#.............
#....[.(......
##............
##......(!##
##...(..(#
##......#
##....(..


You could see a vampire (invisible).

Vanquished Creatures
  Erolcha (D:11)
  Harold (D:7)
  3 two-headed ogres
  An unseen horror (D:10)
  Pikel (D:7)
  An oklob plant (Lair:1)
  2 cane toads
  3 komodo dragons
  2 rime drakes
  A centaur skeleton (D:6)
  2 trolls
  Prince Ribbit (D:5)
  A dream sheep (Lair:2)
  4 wyverns
  21 yaks
  A wraith (D:10)
  2 basilisks
  A steam dragon (D:11)
  An acid dragon (D:11)
  6 water moccasins
  4 ice beasts
  6 orc warriors
  3 sky beasts
  3 phantoms
  8 centaurs
  6 wolves (Lair:2)
  5 ogres
  A necrophage (D:9)
  2 lemures (D:7)
  A wyvern zombie (D:10)
  10 bullfrogs
  3 scorpions
  A water moccasin skeleton (D:7)
  13 killer bees
  8 wights
  An electric eel (Lair:2)
  5 howler monkeys
  3 bullfrog zombies
  6 hounds
  9 orc priests
  3 jellies
  14 orc wizards
  2 bullfrog skeletons
  7 iguanas
  8 worker ants
  A killer bee zombie (D:8)
  A hound zombie (D:7)
  A hound skeleton (D:9)
  A howler monkey zombie (D:7)
  3 worker ant zombies
  3 gnolls (D:2)
  8 adders
  2 shadow imps
  4 white imps
  4 ufetubi
  An ooze (D:6)
  4 adder skeletons
  2 worms
  4 leopard geckos
  44 orcs
  5 bats
  7 giant cockroaches
  10 goblins
  5 hobgoblins
  5 jackals
  13 kobolds
  7 quokkas
  3 ball pythons
  16 frilled lizards
  A leopard gecko skeleton (D:5)
  A leopard gecko zombie (D:7)
  7 rats
351 creatures vanquished.

Vanquished Creatures (others)
  7 fungi
  30 plants
37 creatures vanquished.

Grand Total: 388 creatures vanquished

Notes
Turn   | Place    | Note
-------+----------+-------------------------------------------
     0 | D:5      | eagelman13508 the Human Delver began the quest for the Orb.
     0 | D:5      | Reached XP level 1. HP: 18/18 MP: 1/1
   216 | D:4      | Noticed a phantom
   486 | D:3      | Found a shimmering altar of Xom.
   559 | D:2      | Reached skill level 1 in Short Blades
   559 | D:2      | Reached XP level 2. HP: 24/24 MP: 2/2
   924 | D:1      | Reached skill level 2 in Short Blades
   924 | D:1      | Reached XP level 3. HP: 29/29 MP: 3/3
  1023 | D:1      | Found a shimmering altar of Xom.
  1608 | D:1      | HP: 1/29 [poisoned by an adder]
  1936 | D:2      | Reached XP level 4. HP: 28/35 MP: 4/4
  2296 | D:2      | Reached skill level 3 in Short Blades
  2584 | D:2      | Reached XP level 5. HP: 37/41 MP: 5/5
  3406 | D:3      | Reached skill level 4 in Short Blades
  3406 | D:3      | Reached XP level 6. HP: 47/47 MP: 6/6
  3572 | D:4      | Noticed an ogre
  3699 | D:3      | Killed an ogre
  4030 | D:4      | Reached skill level 5 in Short Blades
  4037 | D:4      | Reached XP level 7. HP: 48/52 MP: 7/7
  4678 | D:5      | Reached skill level 6 in Short Blades
  4750 | D:5      | Found a broken altar of Ashenzari.
  4770 | D:5      | Found a snail-covered altar of Cheibriados.
  4772 | D:5      | Found a hazy altar of Hepliaklqana.
  4773 | D:5      | Found a radiant altar of Vehumet.
  4775 | D:5      | Found an ornate altar of the Wu Jian Council.
  4815 | D:5      | Reached XP level 8. HP: 53/58 MP: 8/8
  4909 | D:5      | Noticed Prince Ribbit
  4936 | D:5      | Killed Prince Ribbit
  4937 | D:5      | Reached skill level 7 in Short Blades
  5138 | D:5      | Found a staircase to the Ecumenical Temple.
  5150 | Temple   | Entered the Ecumenical Temple
  5191 | Temple   | Became a worshipper of Warmaster Okawaru
  5433 | D:5      | Reached skill level 8 in Short Blades
  5535 | D:5      | Found a shimmering blue altar of Sif Muna.
  5709 | D:5      | Reached XP level 9. HP: 61/63 MP: 9/9
  5798 | D:6      | Noticed a troll
  6011 | D:6      | Reached * piety under Okawaru
  6012 | D:6      | Reached skill level 9 in Short Blades
  6268 | D:6      | Reached skill level 10 in Short Blades
  6345 | D:6      | Reached ** piety under Okawaru
  6723 | D:6      | Reached XP level 10. HP: 70/70 MP: 10/10
  6798 | D:6      | Reached skill level 11 in Short Blades
  7169 | D:7      | Noticed Pikel
  7199 | D:7      | Killed Pikel
  7200 | D:7      | Reached skill level 1 in Throwing
  7427 | D:7      | Got a brightly glowing scale mail
  7428 | D:7      | Identified the +2 scale mail of Noughts and Crosses {rC+
                  | Regen+ Int+5 Dex-2} (You found it on level 7 of the
                  | Dungeon)
  7565 | D:7      | Noticed Harold
  7802 | D:7      | Killed Harold
  7802 | D:7      | Reached *** piety under Okawaru
  7803 | D:7      | Reached skill level 12 in Short Blades
  7935 | D:7      | Reached **** piety under Okawaru
  8140 | D:8      | Got a smoking robe
  8141 | D:8      | Identified the +1 robe of Impressiveness {*Slow rC- Int+10
                  | Stlth+} (You found it on level 8 of the Dungeon)
  8425 | D:8      | Found a shadowy altar of Dithmenos.
  8588 | D:8      | Reached skill level 10 in Stealth
  8747 | D:8      | Reached XP level 11. HP: 51/75 MP: 11/11
  9312 | D:9      | Noticed a two-headed ogre
  9318 | D:9      | Killed a two-headed ogre
  9318 | D:9      | Reached ***** piety under Okawaru
  9319 | D:9      | Reached skill level 13 in Short Blades
 10771 | D:10     | Entered Level 10 of the Dungeon
 10828 | D:10     | Found an opulent altar of Gozag.
 11240 | D:10     | Noticed a two-headed ogre
 11285 | D:10     | Killed a two-headed ogre
 11839 | D:10     | HP: 2/75 [something (6)]
 11843 | D:10     | Killed an unseen horror
 12004 | D:10     | Received a gift from Okawaru
 12005 | D:10     | Got an ivory dagger {god gift}
 12006 | D:10     | Identified the +7 dagger "Hanniq" {venom, Int+5 SInv}
                  | (Okawaru gifted it to you on level 10 of the Dungeon)
 12132 | D:10     | Noticed a two-headed ogre
 12164 | D:10     | Killed a two-headed ogre
 12165 | D:10     | Reached skill level 1 in Armour
 12210 | D:10     | Reached skill level 1 in Invocations
 12239 | D:10     | Reached XP level 12. HP: 81/81 MP: 12/12
 12315 | D:10     | Found a staircase to the Lair.
 12435 | Lair:1   | Entered Level 1 of the Lair of Beasts
 12665 | Lair:1   | Reached skill level 1 in Evocations
 12932 | Lair:1   | Reached skill level 14 in Short Blades
 13385 | Lair:1   | HP: 1/81 [yak (11)]
 13984 | Lair:2   | Received a gift from Okawaru
 14416 | Lair:2   | Got a masterwork leather armour
 14417 | Lair:2   | Identified the +3 leather armour "Ujaso" {Str+5 Int-3} (You
                  | found it on level 2 of the Lair of Beasts)
 15215 | D:10     | Learned a level 2 spell: Swiftness
 15219 | D:10     | Learned a level 3 spell: Dazzling Flash
 15223 | D:10     | Learned a level 3 spell: Confusing Touch
 15294 | D:11     | Noticed Erolcha
 15323 | D:11     | Killed Erolcha
 15324 | D:11     | Reached XP level 13. HP: 44/86 MP: 12/14
 15330 | D:11     | Reached skill level 1 in Air Magic
 15449 | D:10     | Gained mutation: Your spells are a little easier to cast,
                  | but a little less powerful. [potion of mutation]
 15449 | D:10     | Gained mutation: Your muscles are strong. (Str +2) [potion
                  | of mutation]
 15449 | D:10     | Gained mutation: You expend magic power (3 MP) to
                  | strengthen your wands. [potion of mutation]
 15498 | D:11     | Killed from afar by a vampire

Illustrated notes

Levels and vault maps discovered:
D:1:      minmay_arrival_arboretum_large, layout_basic, xom_teletrap_fun
D:2:      layout_loops_cross
D:3:      layout_loops_ring, overflow_temple_1_default, guppyfry_early_orc_mine
D:4:      layout_basic, serial_corexii_hall, corexii_hall_statues_l,
          chequers_hall_statues_wall_a, minmay_misc_feat_diagonals,
          minmay_lizard_king
D:5:      layout_loops_cross, lemuel_blue_sif_altar, minitemple,
          minmay_temple_entry_statues_pillars, basic_altar, uniq_prince_ribbit1
D:6:      minmay_opposing_rooms, layout_loops_ring
D:7:      layout_basic, grunt_decor_fettered, uniq_pikel, uniq_harold
D:8:      minmay_skewed_foursquare, layout_layer_cave,
          nicolae_dithmenos_shadow_blocks
D:9:      layout_basic
D:10:     layout_loops_corners, dpeg_oklobed_lair, grunt_gozag_statues
D:11:     layout_big_octagon, minivault_1, uniq_erolcha
Temple:   regret_index_temple_waves
Lair:1:   layout_roguey, minmay_lair_oklob_chamber
Lair:2:   layout_roguey, wad_woods_river_01

Skill      XL: |  1  2  3  4  5  6  7  8  9 10 11 12 13 |
---------------+----------------------------------------+-----
Short Blades   | 1 2 3 4 5 6 8 10 12 13 14 | 14.8
Stealth        | 6 7 8 10 12 13 | 13.4
Throwing       | 1 2 3 |  3.2
Armour         | 1 4 |  4.0
Invocations    | 1 |  1.2
Evocations     | 3 |  3.0
Air Magic      | 1 |  1.0
Fighting       | |  3.0
Long Blades    | |  2.0
Dodging        | |  2.0
Spellcasting   | |  0.9
Earth Magic    | |  0.2
Poison Magic   | |  0.3

Action                   |  1- 3 |  4- 6 |  7- 9 | 10-12 | 13-15 || total
-------------------------+-------+-------+-------+-------+-------++-------
Melee: Falchion          |    60 |       |       |       |       ||    60
       Short sword       |    27 |   153 |   294 |   456 |       ||   930
       Dagger            |       |       |       |   611 |    42 ||   653
       Punch             |       |       |       |     1 |     1 ||     2
Throw: Stone             |     4 |       |       |       |       ||     4
       Dart              |       |     5 |     4 |    23 |     2 ||    34
Invok: Heroism           |       |       |       |     2 |     1 ||     3
       Finesse           |       |       |       |     1 |       ||     1
  Use: Potion            |     2 |       |       |     3 |     8 ||    13
       Scroll            |       |     3 |       |    12 |       ||    15
 Stab: Sleeping          |     6 |     9 |     9 |    39 |       ||    63
       Distracted        |       |     2 |     3 |     2 |       ||     7
Armor: Leather armour    |    23 |    39 |    64 |   164 |     7 ||   297
Dodge: Dodged            |    64 |    65 |   109 |   240 |    17 ||   495
       Rpst.: Falchion   |    10 |       |       |       |       ||    10
